 Dungeon Crawl Stone Soup version 0.31.0-10-gcf4a605ca0 (webtiles) character file.

Game seed: 12751063232075239427

31 Skitler the Slasher (level 3, -1/27 HPs)
             Began as a Human Gladiator on Jan 26, 2024.
             Killed from afar by Natasha (4 damage)
             ... with a magic dart
             ... on level 2 of the Dungeon.
             The game lasted 00:05:23 (1203 turns).

Skitler the Slasher (Human Gladiator)               Turns: 1203, Time: 00:05:24

Health: -1/27      AC:  7    Str: 14    XL:     3   Next: 22%
Magic:  3/3        EV: 10    Int:  8    God:
Gold:   96         SH:  0    Dex: 16    Spells: 2/2 levels left

rFire   . . .        a - +0 long sword
rCold   . . .        (no shield)
rNeg    . . .        l - +0 scale mail
rPois   .            c - +0 helmet
rElec   .            (no cloak)
rCorr   .            (no gloves)
SInv    .            (no boots)
Will    .....        (no amulet) Stlth
                     (no ring)
HPRegen 0.24/turn    (no ring)
MPRegen 0.08/turn

%: no passive effects
@: no status effects
A: explore regen
a: no special abilities


You were on level 2 of the Dungeon.
You visited 1 branch of the dungeon, and saw 2 of its levels.

You collected 96 gold pieces.

Inventory:

Hand Weapons
 a - a +0 long sword (weapon)
 j - a +0 sling
Missiles
 e - a javelin
 k - 27 stones (quivered)
Armour
 b - a +0 leather armour
 c - a +0 helmet (worn)
 l - a +0 scale mail (worn)
Scrolls
 h - a scroll of identify {unknown}
 i - a scroll of amnesia {unknown}
 p - a scroll of silence {unknown}
Potions
 m - a potion of berserk rage {unknown}
 n - a potion of mutation {unknown}
 o - a potion of might {unknown}
 q - a potion of magic {unknown}


   Skills:
 * Level 2.3 Fighting
 * Level 3.8 Long Blades
 * Level 2.0 Throwing
 + Level 3.2 Dodging


You had 2 spell levels left.
You didn't know any spells.
Your spell library contained the following spells:

 Spells                   Type           Power      Damage    Failure   Level
 Apportation              Tloc           0%         N/A       89%         1
 Necrotise                Necr           0%         1d4       89%         1
 Sting                    Conj/Alch      0%         1d3       89%         1
 Summon Small Mammal      Summ           0%         N/A       89%         1
 Hailstorm                Conj/Ice       0%         3d5       99%         3
 Summon Ice Beast         Ice/Summ       0%         N/A       99%         3
 Sculpt Simulacrum        Ice/Alch       0%         N/A       100%        6


Dungeon Overview and Level Annotations

Branches:
Dungeon (2/15)

Altars:

Annotations:
D:2 Natasha


Innate Abilities, Weirdness & Mutations

You regain HP and MP as you explore.


Message History

The cerulean imp hits you from afar with a +0 spear.
Natasha claws you.
* * * LOW HITPOINT WARNING * * *
The cerulean imp hits you from afar with a +0 spear.
* * * LOW HITPOINT WARNING * * *
You feel better.
The cerulean imp disappears in a puff of smoke!
Natasha mumbles some strange words.
Natasha's front paws start to glow.
Natasha claws you.
Natasha howls an incantation.
Natasha shimmers violently.
Natasha claws you but does no damage.
a - a +0 long sword (weapon)
You barely miss Natasha.
Natasha is moderately wounded.
Natasha closely misses you. Natasha claws you.
You barely miss Natasha.
Natasha is moderately wounded.
Natasha casts a spell.
Natasha claws you.
* * * LOW HITPOINT WARNING * * *
You feel better. Natasha claws you.
* * * LOW HITPOINT WARNING * * *
The cerulean imp hits you but does no damage.
Natasha attacks as she pursues you! Natasha claws you.
* * * LOW HITPOINT WARNING * * *
The cerulean imp barely misses you.
Natasha mumbles some strange words.
The cerulean imp hits you with a +2 spear.
* * * LOW HITPOINT WARNING * * *
There is a stone staircase leading up, spattered with blood here.
It was a potion of cancellation.
Your magical effects are unravelling.
You feel magically purged.
You feel yourself speed up. Natasha casts a spell at you.
The magic dart hits you.
You die...
Natasha curls up and begins to purr.

########## #........#
#........#
##########........#######
#.....)..>..............#
#'#######.........#####.####
##....≈##.###.##### ##.....
#....≈#....55..# #......
#....≈##.#@h...## #.....÷
#≈≈≈≈≈#..###....## #......
#####'.##....#..## #......
##....##.##..# #......
#...)##.###.###...###
#.......#.....#...###
#....................
##............#######
#............#


You could see Natasha and 2 cerulean imps.

Vanquished Creatures
  A ribbon worm (D:2)
  A ball python (D:2)
  An endoplasm (D:1)
  A giant cockroach (D:1)
  A goblin (D:1)
  4 hobgoblins
  6 quokkas
  5 bats
  2 frilled lizards
  3 kobolds
  2 rats
27 creatures vanquished.

Notes
Turn   | Place    | Note
-------+----------+-------------------------------------------
     0 | D:1      | Skitler the Human Gladiator began the quest for the Orb.
     0 | D:1      | Reached XP level 1. HP: 16/16 MP: 1/1
   166 | D:1      | Reached XP level 2. HP: 15/22 MP: 2/2
   904 | D:2      | Reached XP level 3. HP: 24/27 MP: 3/3
  1156 | D:2      | Noticed Natasha
  1203 | D:2      | Killed from afar by Natasha

Illustrated notes

Levels and vault maps discovered:
D:1:      minmay_arrival_glassed_features, layout_loops_ring
D:2:      layout_basic, basic_altar, chequers_serial_rivers_room_a, uniq_natasha

Action                     || total
---------------------------++-------
  Melee: Long sword        ||    96
   Fire: Sling             ||     5
  Throw: Throwing net      ||     4
    Use: Potion            ||     4
 Armour: Leather armour    ||    64
         Scale mail        ||    41
  Dodge: Dodged            ||    81
